TOP OF THE 1ST |
Philadelphia 1776 BC batting - Pitching for Vancouver Grey Wolves : LHP Gerardo Pagán
|
Pitching: LHP Gerardo Pagán
|
|
Batting: LHB David de Meij
|
0-0: Ball 1-0: Swinging Strike 1-1: DOUBLE (Line Drive, 78D, EV 104.4 MPH)
|
Batting: RHB Carlos Mendoza
|
0-0: Called Strike 0-1: Foul Ball, location: 2F 0-2: Ball 1-2: Strikes out swinging
|
Batting: RHB Eddie Sachs
|
0-0: Ball 1-0: Ground out 6-3 (Groundball, 6, EV 85.6 MPH) David de Meij to third
|
Batting: RHB Karl Blanke
|
0-0: Ball 1-0: Foul Ball, location: 2F 1-1: Called Strike 1-2: Ball 2-2: Ball 3-2: Base on Balls
|
Batting: RHB Gerold Olthof
|
0-0: Ball 1-0: Swinging Strike 1-1: Called Strike 1-2: Strikes out swinging
|
Top of the 1st over - 0 runs, 1 hit, 0 errors, 2 left on base; Philadelphia 1776 0 - Vancouver 0 |
BOTTOM OF THE 1ST |
Vancouver Grey Wolves batting - Pitching for Philadelphia 1776 BC : RHP Juriaan Roos
|
Pitching: RHP Juriaan Roos
|
|
Batting: LHB Michael Malloy
|
0-0: Ball 1-0: Called Strike 1-1: Ball 2-1: Called Strike 2-2: Strikes out swinging
|
Batting: LHB Johan Kroening
|
0-0: Ball 1-0: Swinging Strike 1-1: Fly out, F8 (Flyball, 8LD, EV 95.0 MPH)
|
Batting: LHB Derek Corbin
|
0-0: SINGLE (Line Drive, 6MD, EV 96.2 MPH)
|
Batting: LHB Gene Ricks
|
0-0: Ground out 5-3 (Groundball, 56, EV 107.5 MPH)
|
Bottom of the 1st over - 0 runs, 1 hit, 0 errors, 1 left on base; Philadelphia 1776 0 - Vancouver 0 |
TOP OF THE 2ND |
Philadelphia 1776 BC batting - Pitching for Vancouver Grey Wolves : LHP Gerardo Pagán
|
Batting: SHB Eugene Clutch
|
0-0: Called Strike 0-1: Ball 1-1: Ball 2-1: Foul Ball, location: 2F 2-2: Reached on error, E4 (Groundball, 4, EV 86.2 MPH)
|
Batting: RHB Dhyana Snigdha
|
0-0: Foul Ball, location: 2F 0-1: Foul Ball, location: 2F 0-2: Ball 1-2: Strikes out swinging
|
Batting: LHB António Casas
|
0-0: Ball 1-0: Ground out U3 (Groundball, 3L, EV 83.1 MPH) Eugene Clutch to third
|
Batting: LHB Hai-feng Tang
|
0-0: Called Strike 0-1: Ball 1-1: Fly out, F7 (Flyball, 7LS, EV 85.0 MPH)
|
Top of the 2nd over - 0 runs, 0 hits, 1 error, 1 left on base; Philadelphia 1776 0 - Vancouver 0 |
BOTTOM OF THE 2ND |
Vancouver Grey Wolves batting - Pitching for Philadelphia 1776 BC : RHP Juriaan Roos
|
Batting: LHB Henry Buckley
|
0-0: Fly out, F8 (Flyball, 8LM, EV 95.0 MPH)
|
Batting: RHB David Stone
|
0-0: Ball 1-0: Foul Ball, location: 2F 1-1: Ball 2-1: Ball 3-1: Foul Ball, location: 2F 3-2: Fly out, F8 (Flyball, 8LXD, EV 103.8 MPH)
|
Batting: SHB Tony Manzanares
|
0-0: Swinging Strike 0-1: Ball 1-1: SINGLE (Groundball, 34D, EV 109.4 MPH)
|
Batting: RHB José de la Cavallería
|
0-0: Ball 1-0: Called Strike 1-1: Ball 2-1: Foul Ball, location: 2F 2-2: Ball 3-2: Base on Balls Tony Manzanares to second
|
Pitching: RHP Amando Codes
|
|
Batting: LHB Cameron Woolever
|
0-0: Ground out 4-3 (Groundball, 4, EV 86.9 MPH)
|
Bottom of the 2nd over - 0 runs, 1 hit, 0 errors, 2 left on base; Philadelphia 1776 0 - Vancouver 0 |
TOP OF THE 3RD |
Philadelphia 1776 BC batting - Pitching for Vancouver Grey Wolves : LHP Gerardo Pagán
|
Batting: LHB David de Meij
|
0-0: Called Strike 0-1: Swinging Strike 0-2: Ground out U3 (Groundball, 3L, EV 102.5 MPH)
|
Batting: RHB Carlos Mendoza
|
0-0: Called Strike 0-1: Foul Ball, location: 2F 0-2: Ball 1-2: Ball 2-2: Ball 3-2: Foul Ball, location: 2F 3-2: Base on Balls
|
Batting: RHB Eddie Sachs
|
0-0: Ball 1-0: Ball 2-0: Fly out, F9 (Line Drive, 89M, EV 105.0 MPH)
|
Batting: RHB Karl Blanke
|
0-0: Ball 1-0: Ball 2-0: Foul Ball, location: 2F 2-1: Ball 3-1: Ground out 4-3 (Groundball, 4, EV 105.0 MPH)
|
Top of the 3rd over - 0 runs, 0 hits, 0 errors, 1 left on base; Philadelphia 1776 0 - Vancouver 0 |
BOTTOM OF THE 3RD |
Vancouver Grey Wolves batting - Pitching for Philadelphia 1776 BC : RHP Amando Codes
|
Batting: LHB Michael Malloy
|
0-0: Called Strike 0-1: SOLO HOME RUN (Line Drive, 9LD, EV 105.0 MPH), Distance : 341 ft
|
Batting: LHB Johan Kroening
|
0-0: Ball 1-0: Foul Ball, location: 2F 1-1: Called Strike 1-2: Ball 2-2: SINGLE (Groundball, 4D, EV 97.5 MPH)
|
Batting: LHB Derek Corbin
|
0-0: Foul Ball, location: 2F 0-1: Ball 1-1: Foul Ball, location: 2F 1-2: Ball 2-2: Grounds into double play, 4-6-3 (Groundball, 4M, EV 103.8 MPH)
|
Batting: LHB Gene Ricks
|
0-0: Ball 1-0: Ball 2-0: Swinging Strike 2-1: Foul Ball, location: 2F 2-2: Ball 3-2: Base on Balls
|
Batting: LHB Henry Buckley
|
0-0: Ball 1-0: Foul Ball, location: 2F 1-1: DOUBLE (Line Drive, 78XD, EV 109.4 MPH) Gene Ricks to third
|
Batting: RHB David Stone
|
0-0: Ball 1-0: Ball 2-0: Foul Ball, location: 2F 2-1: Ground out 5-3 (Groundball, 56S, EV 57.5 MPH)
|
Bottom of the 3rd over - 1 run, 3 hits, 0 errors, 2 left on base; Philadelphia 1776 0 - Vancouver 1 |
TOP OF THE 4TH |
Philadelphia 1776 BC batting - Pitching for Vancouver Grey Wolves : LHP Gerardo Pagán
|
Batting: RHB Gerold Olthof
|
0-0: Ball 1-0: Ball 2-0: Fly out, F8 (Flyball, 8LM, EV 88.1 MPH)
|
Batting: SHB Eugene Clutch
|
0-0: Ball 1-0: Foul Ball, location: 2F 1-1: Ball 2-1: Called Strike 2-2: Ground out 1-3 (Groundball, P, EV 84.4 MPH)
|
Batting: RHB Dhyana Snigdha
|
0-0: Called Strike 0-1: Ball 1-1: Reached on error, E6 (Groundball, 6, EV 91.9 MPH)
|
Batting: LHB António Casas
|
0-0: Swinging Strike 0-1: Ground out U3 (Groundball, 3S, EV 89.4 MPH)
|
Top of the 4th over - 0 runs, 0 hits, 1 error, 1 left on base; Philadelphia 1776 0 - Vancouver 1 |
BOTTOM OF THE 4TH |
Vancouver Grey Wolves batting - Pitching for Philadelphia 1776 BC : RHP Amando Codes
|
Batting: SHB Tony Manzanares
|
0-0: Ground out 4-3 (Groundball, 4, EV 85.0 MPH)
|
Batting: RHB José de la Cavallería
|
0-0: Fly out, F9 (Flyball, 9LMF, EV 88.8 MPH)
|
Batting: LHB Cameron Woolever
|
0-0: Ball 1-0: Called Strike 1-1: Foul Ball, location: 2F 1-2: SINGLE (Groundball, 4S, EV 63.1 MPH) (infield hit)
|
Batting: LHB Michael Malloy
|
0-0: Ball Cameron Woolever steals 2nd base 1-0: Ball 2-0: Called Strike 2-1: Ball 3-1: Base on Balls
|
Batting: LHB Johan Kroening
|
0-0: Called Strike 0-1: Ball 1-1: Fielders Choice at 2nd, 6-4 (Groundball, 6, EV 108.1 MPH)
|
Bottom of the 4th over - 0 runs, 1 hit, 0 errors, 2 left on base; Philadelphia 1776 0 - Vancouver 1 |
TOP OF THE 5TH |
Philadelphia 1776 BC batting - Pitching for Vancouver Grey Wolves : LHP Gerardo Pagán
|
Batting: LHB Hai-feng Tang
|
0-0: Swinging Strike 0-1: Foul Ball, location: 2F 0-2: Foul Ball, location: 2F 0-2: Foul Ball, location: 2F 0-2: Fly out, F7 (Flyball, 7LS, EV 90.0 MPH)
|
Batting: LHB David de Meij
|
0-0: Ball 1-0: Foul Ball, location: 2F 1-1: Ball 2-1: Ground out 4-3 (Groundball, 4M, EV 79.4 MPH)
|
Batting: RHB Carlos Mendoza
|
0-0: Ball 1-0: Swinging Strike 1-1: Foul Ball, location: 2F 1-2: Ball 2-2: Ball 3-2: Ground out 5-3 (Groundball, 56, EV 83.8 MPH)
|
Top of the 5th over - 0 runs, 0 hits, 0 errors, 0 left on base; Philadelphia 1776 0 - Vancouver 1 |
BOTTOM OF THE 5TH |
Vancouver Grey Wolves batting - Pitching for Philadelphia 1776 BC : RHP Amando Codes
|
Batting: LHB Derek Corbin
|
0-0: Ball 1-0: Swinging Strike 1-1: TRIPLE (Line Drive, 89XD, EV 105.0 MPH)
|
Batting: LHB Gene Ricks
|
0-0: Called Strike 0-1: Swinging Strike 0-2: Ball 1-2: Fly out, F8 (Flyball, 8RM, EV 93.1 MPH) Runner from 3rd tags up, SCORES, throw by CF
|
Batting: LHB Henry Buckley
|
0-0: Ball 1-0: Ground out 6-3 (Groundball, 6M, EV 81.9 MPH)
|
Batting: RHB David Stone
|
0-0: Ball 1-0: Foul Ball, location: 2F 1-1: Bunted foul 1-2: Ball 2-2: SINGLE (Groundball, 6MD, EV 98.8 MPH)
|
Batting: SHB Tony Manzanares
|
0-0: Foul Ball, location: 2F 0-1: Swinging Strike 0-2: Ball 1-2: Strikes out looking
|
Bottom of the 5th over - 1 run, 2 hits, 0 errors, 1 left on base; Philadelphia 1776 0 - Vancouver 2 |
TOP OF THE 6TH |
Philadelphia 1776 BC batting - Pitching for Vancouver Grey Wolves : LHP Gerardo Pagán
|
Batting: RHB Eddie Sachs
|
0-0: SINGLE (Groundball, 6MD, EV 102.5 MPH)
|
Batting: RHB Karl Blanke
|
0-0: Ball 1-0: Foul Ball, location: 2F 1-1: DOUBLE (Line Drive, 7LM, EV 103.1 MPH) Eddie Sachs to third Runner from 3rd tries for Home, SAFE, throw by LF to trailing runner, SAFE at third!
|
Batting: RHB Gerold Olthof
|
0-0: Swinging Strike 0-1: Fly out, F8 (Flyball, 8RXD, EV 90.6 MPH) Runner from 3rd tags up, SCORES, no throw by CF
|
Batting: SHB Eugene Clutch
|
0-0: Ball 1-0: Ball 2-0: Called Strike 2-1: Foul Ball, location: 2F 2-2: Strikes out swinging
|
Batting: RHB Dhyana Snigdha
|
0-0: Ball 1-0: Ball 2-0: Ball 3-0: Swinging Strike 3-1: Swinging Strike 3-2: Strikes out swinging
|
Top of the 6th over - 2 runs, 2 hits, 0 errors, 0 left on base; Philadelphia 1776 2 - Vancouver 2 |
BOTTOM OF THE 6TH |
Vancouver Grey Wolves batting - Pitching for Philadelphia 1776 BC : RHP Amando Codes
|
Batting: RHB José de la Cavallería
|
0-0: Called Strike 0-1: Called Strike 0-2: Ball 1-2: Strikes out swinging
|
Batting: LHB Cameron Woolever
|
0-0: Called Strike 0-1: Ball 1-1: Foul Ball, location: 2F 1-2: Foul Ball, location: 2F 1-2: Strikes out looking
|
Batting: LHB Michael Malloy
|
0-0: Called Strike 0-1: Called Strike 0-2: Ball 1-2: Ball 2-2: Ball 3-2: Base on Balls
|
Pitching: RHP Bligh Madris
|
|
Batting: LHB Johan Kroening
|
0-0: Ball 1-0: Ball 2-0: Foul Ball, location: 2F 2-1: Called Strike 2-2: Foul Ball, location: 2F 2-2: Strikes out swinging
|
Bottom of the 6th over - 0 runs, 0 hits, 0 errors, 1 left on base; Philadelphia 1776 2 - Vancouver 2 |
TOP OF THE 7TH |
Philadelphia 1776 BC batting - Pitching for Vancouver Grey Wolves : LHP Gerardo Pagán
|
Pitching: RHP Damien Morin
|
|
Batting: LHB António Casas
|
0-0: Called Strike 0-1: Called Strike 0-2: Ground out U3 (Groundball, 3L, EV 89.4 MPH)
|
Batting: LHB Hai-feng Tang
|
0-0: Called Strike 0-1: Ball 1-1: Swinging Strike 1-2: Fly out, F8 (Flyball, 8RXD, EV 101.2 MPH)
|
Batting: LHB David de Meij
|
0-0: Called Strike 0-1: Foul Ball, location: 2F 0-2: SINGLE (Line Drive, 56D, EV 94.4 MPH)
|
Batting: RHB Carlos Mendoza
|
0-0: Called Strike 0-1: Ground out 5-3 (Groundball, 56S, EV 83.1 MPH)
|
Top of the 7th over - 0 runs, 1 hit, 0 errors, 1 left on base; Philadelphia 1776 2 - Vancouver 2 |
BOTTOM OF THE 7TH |
Vancouver Grey Wolves batting - Pitching for Philadelphia 1776 BC : RHP Bligh Madris
|
Batting: LHB Derek Corbin
|
0-0: Ball 1-0: Foul Ball, location: 2F 1-1: SINGLE (Groundball, 34D, EV 98.1 MPH)
|
Batting: LHB Gene Ricks
|
0-0: Swinging Strike 0-1: Foul Ball, location: 2F 0-2: Ball 1-2: Strikes out swinging
|
Batting: LHB Henry Buckley
|
0-0: Ball 1-0: Fly out, F7 (Flyball, 7, EV 80.0 MPH)
|
Batting: RHB David Stone
|
0-0: Ball 1-0: Ball 2-0: Foul Ball, location: 2F 2-1: Foul Ball, location: 2F 2-2: SINGLE (Groundball, 6MD, EV 106.9 MPH) Derek Corbin to second Runner from 2nd tries for 3rd, SAFE, throw by CF made to third
|
Batting: SHB Tony Manzanares
|
0-0: Called Strike 0-1: Ball 1-1: Ball 2-1: Swinging Strike 2-2: Strikes out swinging
|
Bottom of the 7th over - 0 runs, 2 hits, 0 errors, 2 left on base; Philadelphia 1776 2 - Vancouver 2 |
TOP OF THE 8TH |
Philadelphia 1776 BC batting - Pitching for Vancouver Grey Wolves : RHP Damien Morin
|
Pitching: LHP Sjaak Bonne
|
|
Batting: RHB Eddie Sachs
|
0-0: Ball 1-0: Called Strike 1-1: Ball 2-1: SINGLE (Line Drive, 6M, EV 95.0 MPH)
|
Batting: RHB Karl Blanke
|
0-0: Ball 1-0: Fielders Choice at 2nd, 6-4 (Groundball, 56, EV 105.0 MPH)
|
Batting: RHB Gerold Olthof
|
0-0: Ball 1-0: Fly out, F8 (Flyball, 89S, EV 83.8 MPH)
|
Batting: SHB Eugene Clutch
|
0-0: Ball 1-0: Foul Ball, location: 2F 1-1: Swinging Strike 1-2: Foul Ball, location: 2F 1-2: Ball 2-2: Strikes out swinging
|
Top of the 8th over - 0 runs, 1 hit, 0 errors, 1 left on base; Philadelphia 1776 2 - Vancouver 2 |
BOTTOM OF THE 8TH |
Vancouver Grey Wolves batting - Pitching for Philadelphia 1776 BC : RHP Bligh Madris
|
Batting: RHB José de la Cavallería
|
0-0: Foul Ball, location: 2F 0-1: Foul Ball, location: 2F 0-2: Ball 1-2: Ball 2-2: Strikes out swinging
|
Batting: LHB Cameron Woolever
|
0-0: Ball 1-0: Ball 2-0: Called Strike 2-1: Ball 3-1: Fly out, F4 (Line Drive, 4, EV 65.6 MPH)
|
Batting: LHB Michael Malloy
|
0-0: Called Strike 0-1: Swinging Strike 0-2: Ball 1-2: Strikes out swinging
|
Bottom of the 8th over - 0 runs, 0 hits, 0 errors, 0 left on base; Philadelphia 1776 2 - Vancouver 2 |
TOP OF THE 9TH |
Philadelphia 1776 BC batting - Pitching for Vancouver Grey Wolves : LHP Sjaak Bonne
|
Pinch Hitting: RHB Phil Moore
|
0-0: Foul Ball, location: 2F 0-1: Swinging Strike 0-2: Ball 1-2: Strikes out looking
|
Pinch Hitting: RHB Blythe Plumpley
|
0-0: Ball 1-0: Foul Ball, location: 2F 1-1: Called Strike 1-2: Ball 2-2: Foul Ball, location: 2F 2-2: Strikes out swinging
|
Pinch Hitting: LHB Guan-pei Bei
|
0-0: Foul Ball, location: 2F 0-1: Ball 1-1: Foul Ball, location: 2F 1-2: Ball 2-2: Foul Ball, location: 2F 2-2: Ball 3-2: Fly out, F8 (Flyball, 8LD, EV 84.4 MPH)
|
Top of the 9th over - 0 runs, 0 hits, 0 errors, 0 left on base; Philadelphia 1776 2 - Vancouver 2 |
BOTTOM OF THE 9TH |
Vancouver Grey Wolves batting - Pitching for Philadelphia 1776 BC : RHP Bligh Madris
|
Pitching: RHP Blair Wright
|
|
Now at 3B: Phil Moore
|
|
Now in CF: Guan-pei Bei
|
|
Now in RF: Román Ramírez
|
|
Batting: LHB Johan Kroening
|
0-0: Ball 1-0: Foul Ball, location: 2F 1-1: Swinging Strike 1-2: Foul Ball, location: 2F 1-2: Ball 2-2: Strikes out swinging
|
Batting: LHB Derek Corbin
|
0-0: Ball 1-0: Ball 2-0: Ball 3-0: Called Strike 3-1: Base on Balls
|
Batting: LHB Gene Ricks
|
0-0: Ball 1-0: Ball 2-0: Ball 3-0: Called Strike 3-1: Foul Ball, location: 2F 3-2: Fly out, F9 (Flyball, 9D, EV 87.5 MPH)
|
Pitching: LHP José Cotilla
|
|
Batting: LHB Henry Buckley
|
0-0: Called Strike 0-1: Ball 1-1: Ball 2-1: Ball 3-1: Called Strike 3-2: Strikes out looking
|
Bottom of the 9th over - 0 runs, 0 hits, 0 errors, 1 left on base; Philadelphia 1776 2 - Vancouver 2 |
TOP OF THE 10TH |
Philadelphia 1776 BC batting - Pitching for Vancouver Grey Wolves : LHP Sjaak Bonne
|
Pitching: RHP Ainanani Oliwa
|
|
Batting: LHB David de Meij
|
0-0: Foul Ball, location: 2F 0-1: Ball 1-1: Ground out 5-3 (Groundball, 56S, EV 92.5 MPH)
|
Batting: RHB Carlos Mendoza
|
0-0: Foul Ball, location: 2F 0-1: Ball 1-1: SINGLE (Groundball, 56D, EV 101.2 MPH)
|
Batting: RHB Eddie Sachs
|
0-0: Ball 1-0: Fly out, F8 (Flyball, 8LD, EV 101.9 MPH)
|
Batting: RHB Karl Blanke
|
0-0: Called Strike 0-1: Ball 1-1: Called Strike 1-2: Foul Ball, location: 2F 1-2: Ball 2-2: Ground out 4-3 (Groundball, 4, EV 107.5 MPH)
|
Top of the 10th over - 0 runs, 1 hit, 0 errors, 1 left on base; Philadelphia 1776 2 - Vancouver 2 |
BOTTOM OF THE 10TH |
Vancouver Grey Wolves batting - Pitching for Philadelphia 1776 BC : LHP José Cotilla
|
Pinch Hitting: RHB Ray Skipworth
|
0-0: Called Strike 0-1: Called Strike 0-2: DOUBLE (Groundball, 3L, EV 103.1 MPH)
|
Pinch Hitting: RHB Kao-tsu Koo
|
0-0: Called Strike 0-1: Called Strike 0-2: Ball 1-2: Strikes out swinging
|
Batting: RHB José de la Cavallería
|
0-0: Intentional Walk
|
Batting: LHB Cameron Woolever
|
0-0: Foul Ball, location: 2F 0-1: Ball 1-1: Foul Ball, location: 2F 1-2: SINGLE (Flyball, 9LM, EV 90.0 MPH) Ray Skipworth to third José de la Cavallería to second
|
Batting: LHB Michael Malloy
|
0-0: Swinging Strike 0-1: Foul Ball, location: 2F 0-2: Fly out, F7 (Flyball, 78S, EV 78.1 MPH)
|
Batting: LHB Johan Kroening
|
0-0: Ball 1-0: Swinging Strike 1-1: Fly out, F8 (Flyball, 8LM, EV 72.5 MPH)
|
Bottom of the 10th over - 0 runs, 2 hits, 0 errors, 3 left on base; Philadelphia 1776 2 - Vancouver 2 |
TOP OF THE 11TH |
Philadelphia 1776 BC batting - Pitching for Vancouver Grey Wolves : RHP Ainanani Oliwa
|
Now at C: Kao-tsu Koo
|
|
Now at SS: Gerardo Ponce de Leon
|
|
Batting: RHB Gerold Olthof
|
0-0: Called Strike 0-1: Called Strike 0-2: Ball 1-2: Strikes out swinging
|
Batting: SHB Eugene Clutch
|
0-0: Ball 1-0: Ball 2-0: Ball 3-0: Called Strike 3-1: Base on Balls
|
Batting: RHB Phil Moore
|
0-0: Ball 1-0: Foul Ball, location: 2F 1-1: Ball 2-1: Foul Ball, location: 2F 2-2: 2-RUN HOME RUN (Flyball, 7D, EV 97.5 MPH), Distance : 359 ft
|
Batting: RHB Román Ramírez
|
0-0: Called Strike 0-1: Called Strike 0-2: Ground out 6-3 (Groundball, 6, EV 78.8 MPH)
|
Batting: LHB Guan-pei Bei
|
0-0: DOUBLE (Flyball, 89D, EV 114.4 MPH)
|
Batting: LHB David de Meij
|
0-0: Called Strike 0-1: Called Strike 0-2: Ball 1-2: Ball 2-2: Ground out 4-3 (Groundball, 4, EV 86.2 MPH)
|
Top of the 11th over - 2 runs, 2 hits, 0 errors, 1 left on base; Philadelphia 1776 4 - Vancouver 2 |
BOTTOM OF THE 11TH |
Vancouver Grey Wolves batting - Pitching for Philadelphia 1776 BC : LHP José Cotilla
|
Batting: LHB Derek Corbin
|
0-0: Called Strike 0-1: Ball 1-1: Foul Ball, location: 2F 1-2: Strikes out looking
|
Batting: LHB Gene Ricks
|
0-0: SINGLE (Groundball, 6D, EV 108.1 MPH)
|
Batting: LHB Henry Buckley
|
0-0: Fly out, F7 (Line Drive, 7, EV 93.8 MPH)
|
Pinch Hitting: RHB Jason Watts
|
0-0: Called Strike 0-1: Called Strike 0-2: Strikes out swinging
|
Bottom of the 11th over - 0 runs, 1 hit, 0 errors, 1 left on base; Philadelphia 1776 4 - Vancouver 2 |
|